 Dungeon Crawl Stone Soup version 0.31-a0-102-g33a4ccc0cb (webtiles) character file.

Game seed: 11065077235430773303

49 oufan the Covered (level 3, -2/33 HPs)
             Began as a Minotaur Fighter on May 26, 2023.
             Was a Believer of Jiyva.
             Killed by divine providence
             ... invoked by an orc priest
              (9 damage)
             ... on level 4 of the Dungeon.
             The game lasted 00:23:04 (635 turns).

oufan the Covered (Minotaur Fighter)                 Turns: 635, Time: 00:23:04

Health: -2/33      AC:  8    Str: 20    XL:     3   Next: 51%
Magic:  11/11      EV:  9    Int:  5    God:    Jiyva [**....]
Gold:   40         SH:  5    Dex: 17    Spells: 2/2 levels left

rFire   . . .        a - +0 war axe
rCold   . . .        c - +0 buckler
rNeg    . . .        b - +0 scale mail
rPois   .            (helmet restricted)
rElec   .            (no cloak)
rCorr   +            (no gloves)
SInv    .            e - +0 pair of boots
Will    .....        (no amulet) Stlth
                     h - +6 ring of dexterity
HPRegen 1.21/turn    i - ring of magical power
MPRegen 0.42/turn

%: no passive effects
@: no status effects
A: horns 2, retaliatory headbutt
a: Renounce Religion


You were on level 4 of the Dungeon.
You worshipped Jiyva.
Jiyva was pleased with you.
You visited 1 branch of the dungeon, and saw 4 of its levels.

You collected 40 gold pieces.

Inventory:

Hand Weapons
 a - a +0 war axe (weapon)
 f - a +0 club
 j - a +0 dagger
 m - a +0 club
 n - a +0 club
Armour
 b - a +0 scale mail (worn)
 c - a +0 buckler (worn)
 e - a +0 pair of boots (worn)
 k - a +0 robe
 p - a +0 scale mail
Jewellery
 h - a +6 ring of dexterity (left hand)
 i - a ring of magical power (right hand)
Wands
 r - a wand of polymorph (14)
Scrolls
 l - a scroll of blinking {unknown}
 o - a scroll of teleportation {unknown}
Potions
 d - a potion of might
 g - 3 potions of curing {unknown}
 q - a potion of lignification {unknown}


   Skills:
 + Level 4.1 Fighting
 + Level 2.8(2.9) Axes
 + Level 1.1(2.1) Maces & Flails
 + Level 4.4 Armour
 + Level 4.1 Shields


You had 2 spell levels left.
You didn't know any spells.
Your spell library was empty.

Dungeon Overview and Level Annotations

Branches:
Dungeon (4/15)
 Temple: D:4-7

Altars:
Hepliaklqana
Jiyva

Shops:
D:4 :

Annotations:
D:4 1 transporter


Innate Abilities, Weirdness & Mutations

You have a pair of horns on your head.
You reflexively headbutt those who attack you in melee.


Message History

The shadow imp gestures at you. Pain shoots through your body!
The shadow imp gestures at you.
You barely resist.
There is an open door here.
The shadow imp picks up a beetle and eats it.
You slash the plant!
The plant begins to die.
The plant is lightly damaged.
You hit the plant but do no damage. You headbutt the plant!
The plant is lightly damaged.
The shadow imp gestures at you. Pain shoots through your body!
There is a transporter landing site here.
A nearby plant withers and dies.
The shadow imp shouts, "Begone, thou rank spur-galled pigeon-egg!"
The shadow imp gestures at you.
You barely resist.
There is an open door here.
The shadow imp gestures at you. Pain shoots through your body!
Why would you want to do that?
You enter the shallow water.
Moving in this stuff is going to be slow.
The orc priest invokes the aid of Beogh against you.
You barely resist.
There is a fountain of clear blue water here.
You enter the shallow water.
Moving in this stuff is going to be slow.
The orc priest mumbles some strange prayers to Beogh against you.
Pain shoots through your body! The shadow imp gestures at you.
Pain shoots through your body!
* * * LOW HITPOINT WARNING * * *
The shadow imp gestures at you.
You barely resist.
The shadow imp lashes its tail.
You open the door.
The orc priest mumbles some strange prayers to Beogh against you.
Beogh smites you!
You die...

..............####
#####............#
#............#
#....J©......#
#.#########..#
#.#8P$©$P8#..#
#.#~..(..~#..#
#.####'####..##
#.#5≈.@.≈5#...#
#.#5≈...≈.#..##
#.#.≈~~~≈o#..##
#.#.≈P⌠~≈o#...#
#.#.≈~~~≈.#...#
###.#.≈...≈.#.#.#
#...#.≈...≈.#.#.#
#.#.####'####.#.#
#.#P.....P#...#


You could see 2 orc priests, 3 shadow imps and a neutral endoplasm (wandering)
(fellow slime).

Vanquished Creatures
  3 adders
  2 bats (D:1)
  2 endoplasms (D:1)
  3 giant cockroaches
  3 goblins
  2 hobgoblins (D:1)
  2 quokkas
  A kobold (D:1)
  2 rats (D:1)
20 creatures vanquished.

Vanquished Creatures (others)
  A dart slug (D:4)
  An endoplasm (D:3)
  A ball python (D:4)
  A goblin (D:1)
  A kobold (D:3)
5 creatures vanquished.

Grand Total: 25 creatures vanquished

Notes
Turn   | Place    | Note
-------+----------+-------------------------------------------
     0 | D:1      | oufan the Minotaur Fighter began the quest for the Orb.
     0 | D:1      | Reached XP level 1. HP: 19/19 MP: 0/0
   119 | D:1      | Reached XP level 2. HP: 24/27 MP: 1/1
   273 | D:1      | Found a faded altar of an unknown god.
   278 | D:1      | Prayed at the altar of an unknown god.
   278 | D:1      | Became a worshipper of Jiyva Jyxuheas the Shapeless
   278 | D:1      | Reached * piety under Jiyva
   424 | D:3      | Reached XP level 3. HP: 33/33 MP: 2/2
   455 | D:3      | Reached skill level 1 in Maces & Flails
   515 | D:4      | Found a hazy altar of Hepliaklqana.
   552 | D:4      | Found Deop's Vocational Training.
   579 | D:4      | Found a transporter.
   588 | D:4      | Reached ** piety under Jiyva
   598 | D:4      | Found a transporter.
   635 | D:4      | Killed from afar by an orc priest

Illustrated notes

Levels and vault maps discovered:
D:1:      tarquinn_simple_flora_water_d, layout_basic,
          chequers_ecumenical_altar_lobes, st_stairs_3
D:2:      layout_rooms, basic_altar, serial_shops,
          nicolae_shop_industrial_runoff, minmay_rat_gold_closets, uniq_sigmund,
          uniq_crazy_yiuf_cottage
D:3:      cheibrodos_fertilizer, layout_basic, slow_altar_2, serial_shops,
          nicolae_shop_tiny_waterfront
D:4:      gammafunk_wand_slinger, layout_loops_ring,
          mainiacjoe_overflow_cross_hatched, gammafunk_temple_overflow_pools,
          mainiacjoe_overflow_brackets, nicolae_shop_vocational

Skill      XL: |  1  2  3 |
---------------+----------+-----
Armour         | 4 |  4.4
Fighting       | 4 |  4.1
Shields        | 4 |  4.1
Maces & Flails | 1 |  1.1
Axes           | |  2.8

Action                     || total
---------------------------++-------
  Melee: War axe           ||    60
         Club              ||     3
         Headbutt          ||    10
    Use: Scroll            ||     1
 Armour: Scale mail        ||    26
  Dodge: Dodged            ||    17
  Block: Buckler           ||    10

Table legend: (Time is in decaauts)
 A = Elapsed time spent in this place.
 B = Non-inter-level travel time spent in this place.
 C = Inter-level travel time spent in this place.
 D = Time resting spent in this place.
 E = Time spent auto-exploring this place.
 F = Levels seen in this place.
 G = Mean time per level.
                   A        B        C        D        E       F      G
               +--------+--------+--------+--------+--------+-----+--------+
         Total |    657 |    355 |    302 |      0 |      0 |   4 |  164.2 |
       Dungeon |    657 |    355 |    302 |      0 |      0 |   4 |  164.2 |
               +--------+--------+--------+--------+--------+-----+--------+

Top non-repeatable levels by time:
     D:1: 395 daAuts
     D:4: 179 daAuts
     D:3: 60 daAuts
     D:2: 21 daAuts
